 Dungeon Crawl Stone Soup version 0.31.0-11-ge490571c62 (webtiles) character file.

Game seed: 1396867706212459108

36 Arctor the Firebug (level 3, -1/19 HPs)
             Began as a Deep Elf Fire Elementalist on Feb 3, 2024.
             Succumbed to an adder's poison
             ... on level 2 of the Dungeon.
             The game lasted 00:01:43 (2061 turns).

Arctor the Firebug (Deep Elf Fire Elementalist)     Turns: 2061, Time: 00:01:43

Health: -1/19      AC:  2    Str:  5    XL:     3   Next: 19%
Magic:  2/10       EV: 13    Int: 21    God:
Gold:   79         SH:  0    Dex: 15    Spells: 6/9 levels left

rFire   . . .        (no weapon)
rCold   . . .        (no shield)
rNeg    . . .        a - +0 robe
rPois   .            (no helmet)
rElec   .            (no cloak)
rCorr   .            (no gloves)
SInv    .            (no boots)
Will    .....        (no amulet)
Stlth   ++           (no ring)
HPRegen 0.23/turn    (no ring)
MPRegen 0.12/turn

%: no passive effects
@: lethally poisoned (-1 -> -9), very slightly contaminated
A: no striking features
a: no special abilities


You were on level 2 of the Dungeon.
You visited 1 branch of the dungeon, and saw 2 of its levels.

You collected 79 gold pieces.

Inventory:

Armour
 a - a +0 robe (worn)
Scrolls
 c - 3 scrolls of identify {unknown}
 d - a scroll of brand weapon {unknown}
 f - a scroll of revelation {unknown}
 g - 2 scrolls of blinking {unknown}
 i - a scroll of teleportation {unknown}
 j - 2 scrolls of vulnerability {unknown}
Potions
 b - a potion of magic
 e - a potion of lignification {unknown}
 h - a potion of curing {unknown}
 k - a potion of might {unknown}
 l - a potion of haste {unknown}
 m - a potion of ambrosia {unknown}


   Skills:
 + Level 2.9 Dodging
 + Level 3.0 Stealth
 + Level 3.5 Spellcasting
 + Level 1.8 Conjurations
 + Level 3.6 Fire Magic


You had 6 spell levels left.
You knew the following spells:

 Your Spells              Type           Power      Damage    Failure   Level
a - Foxfire               Conj/Fire      60%        2x1d7     4%          1
b - Scorch                Fire           36%        2d6       4%          2

Your spell library contained the following spells:

 Spells                   Type           Power      Damage    Failure   Level
 Sting                    Conj/Alch      28%        1d4       9%          1
 Apportation              Tloc           6%         N/A       13%         1
 Necrotise                Necr           12%        1d4       13%         1
 Summon Small Mammal      Summ           12%        N/A       13%         1
 Inner Flame              Hex/Fire       11%        N/A       19%         3
 Volatile Blastmotes      Fire/Tloc      22%        2d11      19%         3
 Flame Wave               Conj/Fire      15%        2d7       38%         4


Dungeon Overview and Level Annotations

Branches:
Dungeon (2/15)

Altars:


Message History

An adder is nearby!
An adder is nearby!
You conjure some foxfire!
Your foxfire dissipates!
The adder bites you.
You are poisoned.
The adder poisons you! The adder bites you.
You are more poisoned.
The adder poisons you!
You conjure some foxfire!
You feel sick. The adder bites you.
You closely miss the adder.
You feel sick.
The foxfire hits the adder.
The adder is lightly wounded.
The adder barely misses you.
You are too injured to fight recklessly!
You are too injured to fight recklessly!
You are too injured to fight recklessly!
You are too injured to fight recklessly!
Unknown command.
Casting: Foxfire (safe; 4% risk of failure)
Confirm with . or Enter, or press ? or * to list all spells.
You miscast Scorch.
You are very lightly contaminated with residual magic.
Nothing appears to happen.
You feel sick. The adder bites you.
* * * LOW HITPOINT WARNING * * *
The adder bites you.
* * * LOW HITPOINT WARNING * * *
You are more poisoned.
The adder poisons you!
Casting: Scorch (safe; 4% risk of failure)
Confirm with . or Enter, or press ? or * to list all spells.
Flames lash the adder.
The adder is almost dead.
The adder's fire resistance burns away.
* * * LOW HITPOINT WARNING * * *
You feel sick. The adder bites you but does no damage.
Casting: Scorch (safe; 4% risk of failure)
Confirm with . or Enter, or press ? or * to list all spells.
Flames lash the adder.
The adder is burned terribly!
You kill the adder!
You die...

###.####.####.#
#.#..#.#.8#.#
#.#..'.'..#.#
#.#'##.####.#
#...........#
#.#†##.####.#
#.#..#w#.[#.#
#.#÷.'.'..#.#
#.####@##'#.#
#.....vv....#
#.####.##+#.#
#.#..#.#..#.#
#.#..'.'..#.#
###
#.#'##.####.#
...
#...........#
#.#'##.####.#
###
#.#..#.#..#.#


You could see a ribbon worm (ally target).

Vanquished Creatures
  An adder (D:2)
  A dart slug (D:1)
  2 ball pythons
  2 bats
  An endoplasm (D:1)
  3 goblins
  4 hobgoblins
  A jackal (D:2)
  2 kobolds (D:1)
  5 quokkas (D:1)
  3 frilled lizards
  5 rats
30 creatures vanquished.

Vanquished Creatures (others)
  163 foxfires
163 creatures vanquished.

Grand Total: 193 creatures vanquished

Notes
Turn   | Place    | Note
-------+----------+-------------------------------------------
     0 | D:1      | Arctor the Deep Elf Fire Elementalist began the quest for
                  | the Orb.
     0 | D:1      | Reached XP level 1. HP: 10/10 MP: 6/6
   351 | D:1      | Reached XP level 2. HP: 10/15 MP: 6/8
  1362 | D:2      | Reached XP level 3. HP: 19/19 MP: 5/9
  2055 | D:2      | Learned a level 2 spell: Scorch
  2061 | D:2      | Succumbed to an adder's poison

Illustrated notes

Levels and vault maps discovered:
D:1:      tekkud_arrival_beachfront_property, layout_basic
D:2:      minmay_door_path, layout_loops_ring, serial_shops, shop

Skill      XL: |  1  2 |
---------------+-------+-----
Stealth        | 3 |  3.0
Dodging        | |  2.9
Spellcasting   | |  3.5
Conjurations   | |  1.8
Fire Magic     | |  3.6

Action                     || total
---------------------------++-------
  Melee: Unarmed           ||    40
   Cast: Foxfire           ||   125
         Scorch            ||     2
 Armour: Robe              ||    56
  Dodge: Dodged            ||    63
